 Dungeon Crawl Stone Soup version 0.24-a0-493-g7e4ddcd485 (webtiles) character file.

Game seed: 17178359541002360468

61 KristoblXynda the Slasher (level 3, -4/29 HPs)
             Began as a Draconian Skald on July 12, 2019.
             Slain by a worm (7 damage)
             ... on level 2 of the Dungeon.
             The game lasted 00:01:50 (1185 turns).

KristoblXynda the Slasher (Draconian Skald)         Turns: 1185, Time: 00:01:51

Health: -4/29      AC:  5    Str: 13    XL:     3   Next: 83%
Magic:  2/6        EV: 12    Int: 14    God:
Gold:   45         SH:  0    Dex: 10    Spells: 0/6 levels left

rFire    . . .     SeeInvis .   a - +0 falchion
rCold    . . .     Gourm    .   (no shield)
rNeg     . . .     Faith    .   (armour unavailable)
rPois    .         Spirit   .   (helmet restricted)
rElec    .         Reflect  .   (no cloak)
rCorr    .         Harm     .   (no gloves)
MR       .....                  (no boots)
Stlth    +.........             (no amulet)
HPRegen  0.09/turn              (no ring)
MPRegen  0.10/turn              (no ring)

@: infused
A: unfitting armour, cold-blooded, AC +5
a: no special abilities


You were on level 2 of the Dungeon.
You were not hungry.

You visited 1 branch of the dungeon, and saw 2 of its levels.

You collected 45 gold pieces.

Inventory:

Hand Weapons
 a - a +0 falchion (weapon)
Jewellery
 b - a +5 ring of evasion {unknown}
 h - a cursed amulet of rage {unknown}
Scrolls
 d - a scroll of remove curse {unknown}
 e - 2 scrolls of identify {unknown}
 f - a scroll of amnesia {unknown}
 g - a scroll of enchant armour {unknown}
 i - 2 scrolls of random uselessness {unknown}
 j - a scroll of magic mapping {unknown}
Comestibles
 c - 2 rations


   Skills:
 - Level 2.1 Fighting
 * Level 3.3 Long Blades
 + Level 2.7 Dodging
 - Level 2.0 Spellcasting
 + Level 3.1 Charms


You couldn't memorise any spells.
You knew the following spells:

 Your Spells              Type           Power        Failure   Level  Hunger
a - Infusion              Chrm           ##..         6%          1    ##.....
b - Regeneration          Chrm/Necr      #.........   36%         3    ####...
c - Song of Slaying       Chrm           ##......     10%         2    ###....

Your spell library contained the following spells:

 Spells                   Type           Power        Failure   Level  Hunger
 Shroud of Golubria       Chrm/Tloc      #.....       19%         2    ###....
 Spectral Weapon          Hex/Chrm       #.......     36%         3    ####...


Dungeon Overview and Level Annotations

Branches:
Dungeon (2/15)

Altars:


Innate Abilities, Weirdness & Mutations

Your plain brown scales are hard. (AC +5)
You cannot fit into any form of body armour.
You are cold-blooded and may be slowed by cold attacks.


Message History

You completely miss the quokka.
The quokka bites you but does no damage.
You slash the quokka!
You kill the quokka!
The worm barely misses you.
You see here a quokka corpse.
You hit the worm.
You tail-slap the worm, but do no damage.
The worm is lightly wounded.
The worm bites you!
You barely miss the worm. You tail-slap the worm.
The worm is lightly wounded.
You hit the worm.
The worm is moderately wounded.
The worm bites you!
* * * LOW HITPOINT WARNING * * *
You hit the worm!
The worm is severely wounded.
The worm bites you!
You die...

#............#
#............#
+............#
#....<.......#
#####'#......#
#.#......#
#.#......#
#.####.### #.#
#@#
≈≈...≈≈w.≈..≈#
≈≈≈≈≈≈≈≈≈≈≈≈≈≈≈
≈≈≈≈≈≈≈≈≈≈≈≈≈≈≈
≈≈≈≈≈≈≈≈≈≈≈≈≈≈≈
≈≈≈≈≈≈≈≈.≈≈≈≈..
≈≈#?..≈.....≈.≈
≈######.#######


You could see a worm.

Vanquished Creatures
  An adder (D:2)
  An ooze (D:1)
  A worm (D:2)
  A dart slug (D:1)
  A leopard gecko (D:2)
  A ball python (D:1)
  3 giant cockroaches
  2 goblins
  5 hobgoblins (D:1)
  7 jackals
  3 kobolds (D:1)
  A quokka (D:2)
  4 bats
  2 frilled lizards (D:1)
  7 rats
40 creatures vanquished.

Notes
Turn   | Place    | Note
-------+----------+-------------------------------------------
     0 | D:1      | KristoblXynda the Draconian Skald began the quest for the
                  | Orb.
     0 | D:1      | Reached XP level 1. HP: 17/17 MP: 3/3
   145 | D:1      | Reached XP level 2. HP: 21/24 MP: 5/5
   496 | D:1      | Reached XP level 3. HP: 29/29 MP: 6/6
   747 | D:1      | Learned a level 3 spell: Regeneration
   750 | D:1      | Learned a level 2 spell: Song of Slaying
  1185 | D:2      | Slain by a worm

Levels and vault maps discovered:
D:1:      grunt_arrival_crossed_arrows, layout_rooms, lemuel_another_geyser
D:2:      layout_basic, gammafunk_temple_overflow_forgotten, first_ration,
          serial_rivers, chequers_serial_rivers_marsh,
          chequers_serial_rivers_micro_e, chequers_serial_rivers_small_a,
          chequers_serial_rivers_room_a, chequers_serial_rivers_large_a,
          uniq_robin

Skill      XL: |  1  2  3 |
---------------+----------+-----
Charms         | 3 |  3.1
Long Blades    | 3 |  3.3
Fighting       | |  2.1
Dodging        | |  2.7
Spellcasting   | |  2.0

Action                   || total
-------------------------++-------
Melee: Falchion          ||   115
       Tailslap          ||     8
 Cast: Infusion          ||     1
 Stab: Sleeping          ||     2
  Eat: Chunk             ||     1
Armor: Skin              ||    54
Dodge: Dodged            ||   106
       Rpst.: Falchion   ||    32

Table legend:
 A = Non-vault XP
 B = Vault XP
 C = Vault XP percentage of total XP
 D = Non-vault monster count
 E = Vault monster count
 F = Vault count percentage of total count
                 A         B        C        D         E       F
            +---------+---------+-------+---------+---------+-------
      Total |      88 |       0 |   0.0 |      40 |       0 |   0.0
            +---------+---------+-------+---------+---------+-------
        D:1 |      50 |       0 |   0.0 |      27 |       0 |   0.0
        D:2 |      38 |       0 |   0.0 |      13 |       0 |   0.0
            +---------+---------+-------+---------+---------+-------
